[Event "Romanian-ch Youth Girls U20 2024"]
[Site "Eforie Nord"]
[Date "2024.04.12"]
[Round "1.1"]
[White "Obada, Ema"]
[Black "Anghel, Maria"]
[Result "1/2-1/2"]
[ECO "B13"]
[WhiteElo "1992"]
[BlackElo "1877"]
[Annotator "TA"]
[PlyCount "69"]
[EventDate "2024.04.10"]
[EventType "swiss"]
[EventCountry "ROU"]
[SourceTitle "playchess.com"]
[Source "ChessBase"]
[SourceQuality "1"]
[TimeControl "5400+30"]

1. e4 c6 2. d4 d5 3. exd5 cxd5 4. Bd3 Nc6 5. c3 Nf6 6. Bf4 Bg4 7. Qb3 e5 8. dxe5 Nh5 9. Be3 Nxe5 {[%emt 0:00:21] The position is equal.} 10. Bb5+ Nc6 11. Nd2 Be6 {[%emt 0:00:12][%cal Od5d4] [#] ...d4! would now be deadly.} 12. Qa4 Qc7 13. Ngf3 (13. Bxa7 $2 {too greedy.} Nf6 (13... Rxa7 $2 14. Qxa7 Bd6 15. Qa4 $18) 14. Ngf3 (14. Qd4 $2 Nd7 $19) 14... Nd7 (14... Rxa7 $2 15. Qxa7 Bd7 16. Qa8+ Nd8 17. Bxd7+ Nxd7 18. O-O $18) 15. Bxc6 bxc6 $19) 13... Bd6 {[%emt 0:01:04] Wards off Ne5} 14. O-O O-O 15. Rfe1 a6 16. Bd3 Nf4 17. Bxf4 Bxf4 18. g3 Bxd2 19. Nxd2 b5 20. Qh4 {[%emt 0:05:55][%csl Gd3][%cal Rh4h7] [#]} h6 21. Nb3 Qb6 22. Nd4 Nxd4 23. cxd4 Rac8 24. Re5 Qa5 25. Qf4 {[%emt 0:01:39] Repels Qd2} Qb4 26. Rb1 Rfe8 27. a3 Qd6 28. Rbe1 f6 29. R5e3 Qxf4 30. gxf4 Kf7 {[%emt 0:01:33] Inhibits Bg6+.} 31. Rg3 {[%emt 0:00:41] And now Bg6+ would win.} (31. f5 $5 Bd7 $8 32. h3 $11) 31... g5 32. fxg5 hxg5 33. Rf1 Rh8 34. Re3 (34. f4 $1 $11 gxf4 35. Rxf4) 34... Rh4 $17 35. Rfe1 {[%emt 0:01:10] Weighted Error Value: White=0.10 (very precise) /Black=0.04 (flawless) .  Mistake:       	White=1     	---        Inaccurate:     	White=2     	---        OK:         	White=12    	Black=16     Best:        	---       	Black=1} 1/2-1/2

[Event "Romanian-ch Youth Girls U20 2024"]
[Site "Eforie Nord"]
[Date "2024.04.12"]
[Round "1.2"]
[White "Rata, Anamaria"]
[Black "Patru, Alexandra-Ioana"]
[Result "0-1"]
[ECO "C54"]
[WhiteElo "1790"]
[BlackElo "1838"]
[Annotator "NA RC COMBH"]
[PlyCount "92"]
[EventDate "2024.04.10"]
[EventType "swiss"]
[EventCountry "ROU"]
[SourceTitle "playchess.com"]
[Source "ChessBase"]
[SourceQuality "1"]
[TimeControl "5400+30"]

1. e4 e5 2. Nf3 Nc6 3. Bc4 Bc5 4. c3 Nf6 5. d4 exd4 6. cxd4 Bb4+ 7. Bd2 Bxd2+ 8. Nbxd2 d5 9. exd5 Nxd5 10. Qb3 Na5 11. Qa4+ Nc6 12. O-O O-O 13. Qc2 h6 14. Rfe1 Nb6 15. Nb3 Nxc4 16. Qxc4 Be6 17. Qc5 Bd5 18. Ne5 Nxe5 19. Rxe5 c6 20. Rae1 Qf6 21. Nd2 Qg6 22. f3 b6 23. Qc3 f6 24. R5e3 f5 25. Nc4 f4 26. Ne5 Qd6 27. R3e2 Rad8 28. Qd3 c5 29. Ng6 Rf6 30. Re8+ Rxe8 31. Rxe8+ Kf7 32. Rf8+ Ke6 33. Qe2+ Kf5 34. Ne7+ Kg5 35. Nxd5 Rxf8 36. Qe4 h5 37. g3 fxg3 38. h4+ Kh6 39. Kg2 cxd4 40. Ne7 g6 41. Nd5 Rd8 42. Nf4 d3 43. Ne6 Rc8 44. Qe3+ Kh7 45. Ng5+ Kg8 46. Qe4 Rc2+ 0-1

[Event "Romanian-ch Youth Girls U20 2024"]
[Site "Eforie Nord"]
[Date "2024.04.13"]
[Round "3.1"]
[White "Patru, Alexandra-Ioana"]
[Black "Batagan, Ilinca-Petra"]
[Result "1/2-1/2"]
[ECO "A46"]
[WhiteElo "1838"]
[BlackElo "1908"]
[Annotator "TA"]
[PlyCount "116"]
[EventDate "2024.04.10"]
[EventType "swiss"]
[EventCountry "ROU"]
[SourceTitle "playchess.com"]
[Source "ChessBase"]
[SourceQuality "1"]
[TimeControl "5400+30"]

1. d4 d5 2. Nf3 e6 3. g3 b5 4. Bg2 Nf6 5. O-O Be7 6. Nbd2 O-O 7. c3 Bb7 8. a4 {[%emt 0:01:03] The position is equal.} a6 9. b4 Nbd7 10. Nb3 Ne4 11. Qd3 Nd6 12. Na5 Rb8 13. axb5 {[%emt 0:07:37] White is much more active.} axb5 14. Bf4 Nc4 15. h4 h6 16. Nh2 Bd6 17. Bxd6 cxd6 18. Ng4 f5 19. Ne3 {[%emt 0:00:19] And now Nxb7 would win.} Nf6 20. Nc2 ({White should play} 20. Nexc4 $11 bxc4 21. Qe3) 20... Ne4 $15 21. Na3 Ba8 (21... Nxa5 {simplifies} 22. bxa5 Ra8 23. Bxe4 dxe4 24. Qb1 Rxa5 25. Nxb5 Rxa1 26. Qxa1 Qd7) 22. Kh2 $2 (22. N5xc4 $17 {is a better defense.} dxc4 (22... bxc4 23. Qc2 $15) 23. Qc2) 22... f4 $1 $19 23. N5xc4 $2 (23. Bf3) 23... dxc4 (23... bxc4 24. Qc2 $17) 24. Qc2 d5 (24... Nxf2 $1 $19 {and Black stays clearly on top.} 25. Bf3 Bxf3 26. Rxf2 Bd5 (26... fxg3+ $2 27. Kxg3 Bb7 28. e4 $19)) 25. Nb1 $2 {[%emt 0:02:18][%mdl 8192] [#]} (25. Bxe4 $17 dxe4 26. e3) 25... Nxf2 $1 {[%emt 0:01:53][%mdl 512] ( -> ...fxg3+)} 26. Qg6 fxg3+ (26... Rf6 $19 27. Qh5 fxg3+ 28. Kxg3 Rf5 29. Qxf5 exf5 30. Kxf2 Qxh4+ 31. Kg1 Qg5) 27. Qxg3 $11 Ne4 28. Rxf8+ $40 {[%emt 0:00:49][%mdl 128] White is up to no good.} Qxf8 29. Bxe4 dxe4 30. Nd2 e3 31. Nf1 Qf2+ 32. Qxf2 exf2 {[%emt 0:00:02][%mdl 4096] Endgame. KRB-KRN} 33. Kg3 Rf8 34. Ra6 Bd5 35. Rb6 Ra8 (35... h5 $11) 36. Ne3 (36. Kxf2 $16 Ra3 37. Ng3) 36... f1=Q 37. Nxf1 $14 Ra3 {[%emt 0:00:14] [#]} ({Better is} 37... Ra2 $1 $14) 38. Ne3 ({White must play} 38. Kf4 $1 $16 {e4 is the strong threat.} Bh1 (38... Rxc3 39. e4 $16) 39. Ng3 (39. Rxe6 Rxc3 40. Re5 Rc1 $11)) 38... Rxc3 $11 39. Kf2 Kf7 40. Rxb5 Rb3 (40... Bh1 $11 {remains equal.}) 41. Nxd5 $16 exd5 42. Rxd5 Rxb4 {[%emt 0:00:05] KR-KR} 43. Rc5 Ke6 {[%emt 0:00:29] [#]} (43... c3 $16 {was worth a try.}) 44. e4 $1 $18 c3 $2 (44... g5) 45. Ke3 ({Weaker is} 45. Rxc3 Rxd4 46. Ke3 Rd1 $11) 45... Rb3 46. Kd3 c2+ 47. Kxc2 Rh3 48. h5 Re3 49. Re5+ Kd6 50. Kd2 Rg3 51. Ra5 Ke6 52. Ke2 Rh3 53. Re5+ Kd6 54. Rf5 Ke6 55. Re5+ Kd6 $1 56. Rf5 (56. Rb5 $142 Kc7 57. Rf5) 56... Ke6 $1 57. d5+ Kd6 58. Rf7 Rxh5 {[%emt 0:02:41][%mdl 32768] Never resign too early!   Weighted Error Value: White=0.59/Black=0.58.  Loses game:     	White=1     	---        Missed win:     	---       	Black=1      Mistake:       	White=5     	Black=6      Inaccurate:     	White=6     	Black=7      OK:         	White=16    	Black=8      Best:        	White=8     	Black=2      Strong:       	White=1     	Black=3     . An unexpected result.} 1/2-1/2

[Event "Romanian-ch Youth Girls U20 2024"]
[Site "Eforie Nord"]
[Date "2024.04.13"]
[Round "3.1"]
[White "Rata, Anamaria"]
[Black "Trifoi, Mihaela-Ioana"]
[Result "*"]
[ECO "A46"]
[WhiteElo "1790"]
[BlackElo "2011"]
[Annotator "RC"]
[PlyCount "116"]
[EventDate "2024.04.10"]
[EventType "swiss"]
[EventCountry "ROU"]
[SourceTitle "playchess.com"]
[Source "ChessBase"]
[SourceQuality "1"]
[TimeControl "5400+30"]

1. d4 d5 2. Nf3 e6 3. g3 b5 4. Bg2 Nf6 5. O-O Be7 6. Nbd2 O-O 7. c3 Bb7 8. a4 a6 9. b4 Nbd7 10. Nb3 Ne4 11. Qd3 Nd6 12. Na5 Rb8 13. axb5 axb5 14. Bf4 Nc4 15. h4 h6 16. Nh2 Bd6 17. Bxd6 cxd6 18. Ng4 f5 19. Ne3 Nf6 20. Nc2 Ne4 21. Na3 Ba8 22. Kh2 f4 23. N5xc4 dxc4 24. Qc2 d5 25. Nb1 Nxf2 26. Qg6 fxg3+ 27. Qxg3 Ne4 28. Rxf8+ Qxf8 29. Bxe4 dxe4 30. Nd2 e3 31. Nf1 Qf2+ 32. Qxf2 exf2 33. Kg3 Rf8 34. Ra6 Bd5 35. Rb6 Ra8 36. Ne3 f1=Q 37. Nxf1 Ra3 38. Ne3 Rxc3 39. Kf2 Kf7 40. Rxb5 Rb3 41. Nxd5 exd5 42. Rxd5 Rxb4 43. Rc5 Ke6 44. e4 c3 45. Ke3 Rb3 46. Kd3 c2+ 47. Kxc2 Rh3 48. h5 Re3 49. Re5+ Kd6 50. Kd2 Rg3 51. Ra5 Ke6 52. Ke2 Rh3 53. Re5+ Kd6 54. Rf5 Ke6 55. Re5+ Kd6 56. Rf5 Ke6 57. d5+ Kd6 58. Rf7 Rxh5 *

[Event "Romanian-ch Youth Girls U20 2024"]
[Site "Eforie Nord"]
[Date "2024.04.13"]
[Round "3.2"]
[White "Batagan, Ilinca-Petra"]
[Black "Anghel, Maria"]
[Result "*"]
[ECO "A17"]
[WhiteElo "1908"]
[BlackElo "1877"]
[Annotator "TA"]
[PlyCount "68"]
[EventDate "2024.04.10"]
[EventType "swiss"]
[EventCountry "ROU"]
[SourceTitle "playchess.com"]
[Source "ChessBase"]
[SourceQuality "1"]
[TimeControl "5400+30"]

1. c4 Nf6 2. Nc3 e6 3. g3 d5 4. Bg2 c6 5. cxd5 exd5 6. d4 Bf5 7. Nf3 Bd6 8. Nh4 Bg6 ({Better is} 8... Be6 $11) 9. Nxg6 hxg6 10. Bg5 {[%emt 0:02:38] White is slightly better.} Nbd7 11. O-O Qb6 12. e4 dxe4 13. Nxe4 (13. d5 {seems wilder.} O-O 14. dxc6 Qxc6 15. Rc1) 13... Nxe4 14. Bxe4 {[%emt 0:00:12] This pair of bishops is nice.} O-O 15. h4 Nf6 16. Bxf6 gxf6 17. h5 f5 18. Bc2 Kg7 19. Kg2 Rh8 (19... Qxb2 20. hxg6 Qb5 (20... fxg6 21. Rb1 $16) 21. Qf3 $16) 20. Rh1 Rh6 21. Qd2 {[%emt 0:03:25] And now hxg6 would win.} (21. Qd3 {simplifies} Qb5 22. Qxb5 cxb5 23. hxg6 Rxh1 24. Rxh1 fxg6 25. Bb3) 21... Rah8 22. g4 $2 {[%emt 0:06:25][%mdl 8192] [#]} fxg4 $19 23. hxg6 $2 (23. Qc3 gxh5 (23... Rxh5 $2 24. Rxh5 Rxh5 25. Rh1 $19) 24. Rhf1) 23... fxg6 $2 (23... Qxb2 $2 24. Rxh6 Rxh6 (24... Qxa1 25. Rxh8 Kf6 26. gxf7) 25. Rh1 Rxh1 26. Kxh1 $17) (23... Qb5 $19 {is more deadly. ( -> ...Qd5+)} 24. Qd3 Rh2+ (24... Qxb2 25. Rxh6 Rxh6 26. Rb1 $16) (24... fxg6 25. Qxb5 Rh2+ 26. Rxh2 $19) 25. Rxh2 Rxh2+ 26. Kf1 Rh1+ (26... fxg6 27. Qxb5 cxb5 28. Re1 $15) (26... Qxb2 27. Rb1 $11) 27. Ke2 Qxd3+ (27... Rxa1 $2 28. Qxb5 cxb5 29. Bf5 $19) 28. Kxd3 Rxa1 29. gxf7 Kxf7) 24. Qd3 Qa5 {[%emt 0:01:37] White is weak on the dark squares} (24... Qxb2 25. Rxh6 Rxh6 (25... Qxa1 26. Qxg6+ Kf8 27. Qxd6+ Kg8 28. Bb3+ Kg7 29. Qf6#) 26. Rb1 (26. Rh1 Qb5 $17) 26... Qxa2 (26... Rh2+ $2 27. Kg1 $18) 27. Rxb7+ Kf6 28. Qe4 $15) 25. Qe4 $2 {[%emt 0:08:14][%mdl 8192] [#]} ({White should play} 25. Rxh6 $15 Rxh6 26. Rh1 Qd5+ (26... Qxa2 $2 27. Rxh6 Qf7 28. Qxg6+ Qxg6 29. Rxg6+ $18) 27. Qe4) 25... Rh2+ $1 26. Rxh2 Rxh2+ 27. Kg1 Qh5 28. Re1 g3 (28... Rh3 $19 29. Re3 Rf3) 29. fxg3 $17 Rd2 $1 (29... Bxg3 $2 {loses.} 30. Qe7+ Kh6 31. Qf8+ Kg5 32. Qd8+ Kg4 (32... Kh6 $2 33. Qh8+ Kg5 34. Re5+ Bxe5 35. Qxe5+ Kh6 36. Qxh2 $18) 33. Re4+ (33. Bd1+ Kh3 $11) 33... Kh3 34. Qd7+ Qf5 35. Rh4+ (35. Qxb7 $2 Qf2#) 35... Kxh4 36. Bxf5 gxf5 37. Qxf5 $18 (37. Qxb7 Re2 $16)) 30. Qxg6+ Qxg6 31. Bxg6 Bxg3 32. Re6 {[%emt 0:00:33] Black is better.} Bf2+ ({Don't do} 32... Rxd4 33. Bh5 Rd5 34. Rg6+ Kh7 35. Rxg3) 33. Kf1 Bxd4 34. b3 Rxa2 {[%emt 0:00:25] Weighted Error Value: White=0.61/Black=0.44.  Loses game:     	White=2     	---        Missed win:     	---       	Black=2      Mistake:       	White=1     	Black=1      OK:         	White=9     	Black=8      Best:        	White=5     	Black=2      Strong:       	---       	Black=2} *

[Event "Romanian-ch Youth Girls U20 2024"]
[Site "Eforie Nord"]
[Date "2024.04.13"]
[Round "3.2"]
[White "Anghel, Maria"]
[Black "Rata, Anamaria"]
[Result "1/2-1/2"]
[ECO "A17"]
[WhiteElo "1877"]
[BlackElo "1790"]
[Annotator "NA RC COMBH"]
[PlyCount "113"]
[EventDate "2024.04.10"]
[EventType "swiss"]
[EventCountry "ROU"]
[SourceTitle "playchess.com"]
[Source "ChessBase"]
[SourceQuality "1"]
[TimeControl "5400+30"]

1. c4 Nf6 2. Nc3 e6 3. g3 d5 4. Bg2 c6 5. cxd5 exd5 6. d4 Bf5 7. Nf3 Bd6 8. Nh4 Bg6 9. Nxg6 hxg6 10. Bg5 Nbd7 11. O-O Qb6 12. e4 dxe4 13. Nxe4 Nxe4 14. Bxe4 O-O 15. h4 Nf6 16. Bxf6 gxf6 17. h5 f5 18. Bc2 Kg7 19. Kg2 Rh8 20. Rh1 Rh6 21. Qd2 Rah8 22. g4 fxg4 23. hxg6 fxg6 24. Qd3 Qa5 25. Qe4 Rh2+ 26. Rxh2 Rxh2+ 27. Kg1 Qh5 28. Re1 g3 29. fxg3 Rd2 30. Qxg6+ Qxg6 31. Bxg6 Bxg3 32. Re6 Bf2+ 33. Kf1 Bxd4 34. b3 Rxa2 35. Be4 Kf7 36. Rd6 Bb6 37. Rd7+ Ke6 38. Rxb7 c5 39. Bd3 Ke5 40. Bc4 Kd4 41. Rd7+ Kc3 42. Rf7 Kb4 43. Rb7 Rb2 44. Ke1 Rxb3 45. Bxb3 Kxb3 46. Kd1 c4 47. Kc1 Kc3 48. Rd7 Be3+ 49. Kb1 a5 50. Rd8 Bc5 51. Ra8 Bb4 52. Ka2 Kc2 53. Rh8 Bd2 54. Rh5 Kd1 55. Rc5 c3 56. Rxa5 c2 57. Rc5 1/2-1/2

[Event "Romanian-ch Youth Girls U20 2024"]
[Site "Eforie Nord"]
[Date "2024.04.15"]
[Round "4.1"]
[White "Anghel, Maria"]
[Black "Marin, Alexia-Iuliana"]
[Result "1-0"]
[ECO "C78"]
[WhiteElo "1877"]
[BlackElo "1573"]
[Annotator "NA RC"]
[PlyCount "77"]
[EventDate "2024.04.10"]
[EventType "swiss"]
[EventCountry "ROU"]
[SourceTitle "playchess.com"]
[Source "ChessBase"]
[SourceQuality "1"]
[TimeControl "5400+30"]

1. e4 e5 2. Nf3 Nc6 3. Bb5 a6 4. Ba4 Nf6 5. O-O b5 6. Bb3 Bc5 7. a4 Bb7 8. c3 d6 9. d4 Bb6 10. Bg5 h6 11. Bxf6 Qxf6 12. Bd5 O-O 13. Na3 bxa4 14. Nc4 exd4 15. cxd4 Nd8 16. Bxb7 Nxb7 17. Nxb6 cxb6 18. Qxa4 b5 19. Qb4 Rfc8 20. Rfc1 Qf4 21. Qe1 Re8 22. Rc7 Rxe4 23. Qd2 Qxd2 24. Nxd2 Rxd4 25. Nf3 Rb4 26. Rxb7 Rxb2 27. Rd7 a5 28. Rxd6 a4 29. Rd2 Rb3 30. Nd4 Rb4 31. g3 a3 32. Kg2 Rb2 33. Rxa3 Rxd2 34. Rxa8+ Kh7 35. Nxb5 Rd5 36. Nc3 Rc5 37. Ne4 Rc7 38. h4 g6 39. Nf6+ 1-0

[Event "Romanian-ch Youth Girls U20 2024"]
[Site "Eforie Nord"]
[Date "2024.04.15"]
[Round "4.2"]
[White "Trifoi, Mihaela-Ioana"]
[Black "Batagan, Ilinca-Petra"]
[Result "1/2-1/2"]
[ECO "C55"]
[WhiteElo "2011"]
[BlackElo "1908"]
[Annotator "NA RC"]
[PlyCount "94"]
[EventDate "2024.04.10"]
[EventType "swiss"]
[EventCountry "ROU"]
[SourceTitle "playchess.com"]
[Source "ChessBase"]
[SourceQuality "1"]
[TimeControl "5400+30"]

1. e4 e5 2. Nf3 Nc6 3. Bc4 Nf6 4. d3 h6 5. O-O d6 6. c3 g6 7. Bb3 Bg7 8. Nbd2 O-O 9. h3 Na5 10. Bc2 c5 11. b4 Nc6 12. b5 Nb8 13. a4 Nh5 14. Nb3 Kh7 15. d4 cxd4 16. cxd4 Nd7 17. Bb2 exd4 18. Bxd4 Ne5 19. Nxe5 Bxe5 20. Bxe5 dxe5 21. Qxd8 Rxd8 22. Rfd1 Be6 23. Nc5 Rdc8 24. Nxe6 Rxc2 25. Rd7 Kg8 26. Rd8+ Rxd8 27. Nxd8 Rc7 28. Rd1 Nf6 29. f3 Kf8 30. a5 Ke7 31. b6 axb6 32. axb6 Rd7 33. Rxd7+ Nxd7 34. Nxb7 Nxb6 35. Kf2 Nc4 36. Ke2 f5 37. exf5 gxf5 38. g4 Kf6 39. h4 e4 40. Nc5 exf3+ 41. Kxf3 Ne5+ 42. Kf4 fxg4 43. h5 g3 44. Ne4+ Ke6 45. Nxg3 Nd7 46. Nf5 Nf6 47. Nxh6 Nxh5+ 1/2-1/2

[Event "Romanian-ch Youth Girls U20 2024"]
[Site "Eforie Nord"]
[Date "2024.04.16"]
[Round "5.1"]
[White "Batagan, Ilinca-Petra"]
[Black "Obada, Ema"]
[Result "0-1"]
[ECO "B12"]
[WhiteElo "1908"]
[BlackElo "1992"]
[Annotator "TA"]
[PlyCount "68"]
[EventDate "2024.04.10"]
[EventType "swiss"]
[EventCountry "ROU"]
[SourceTitle "playchess.com"]
[Source "ChessBase"]
[SourceQuality "1"]
[TimeControl "5400+30"]

1. e4 c6 2. d4 d5 3. e5 c5 4. dxc5 e6 5. Nf3 Bxc5 6. a3 f6 7. c4 fxe5 8. Nxe5 {[%emt 0:02:22] The position is equal.} Nf6 {[%emt 0:07:56] White must now prevent ...0-0.} 9. Nd3 Bd6 10. cxd5 exd5 11. Bg5 O-O 12. Be2 Qe8 13. Nd2 (13. O-O {is more complex.} Ne4 14. Be3 Nc6 15. Nc3) 13... Nc6 14. Nf3 {[%emt 0:03:54] Against Nd4} (14. O-O $11 {remains equal.}) 14... Ne4 $1 $17 {[%emt 0:01:59][%cal Of8f3] Hoping for ...Rxf3!} 15. Be3 Bg4 {[%emt 0:04:53] Black has more active pieces.} 16. h3 $2 {[%emt 0:06:14] [#] This costs White the game.} (16. Qb3 $17) 16... Bxf3 $1 $19 17. gxf3 {[%emt 0:00:54] [#]} Ng3 {[%emt 0:05:35][%mdl 512] Excellent horsemanship.} 18. Rg1 (18. fxg3 Qxe3) 18... d4 (18... Nxe2 $142 19. Qxe2 d4) 19. fxg3 Qxe3 20. Kf1 {[%emt 0:01:05] White is weak on the dark squares} Rae8 {[%emt 0:00:27] And now ...Ne5 would win.} 21. Rc1 $2 (21. f4 g5 22. Bf3 gxf4 23. g4) 21... Ne7 22. Nf2 $2 (22. f4 Nf5 23. Bf3) 22... Nf5 23. Ng4 {[%emt 0:00:16] Inhibits Qh6.} Qe7 (23... Nxg3+ $2 {perishes.} 24. Rxg3 Qf4 (24... Qxe2+ $2 25. Qxe2 Rxe2 26. Nh6+ Kh8 27. Nf7+ Kg8 28. Nxd6 $18) 25. Rg1 $16 (25. Rg2 Rxe2 26. Rxe2 Qxf3+ 27. Kg1 Bf4 $16)) 24. Bb5 Rc8 (24... Nxg3+ $2 25. Rxg3 Bxg3 26. Bxe8 Qxe8 (26... Rxe8 $2 27. Qxd4 Qe2+ 28. Kg1 $19) 27. Qe2 $19) (24... h5 25. Bxe8 Rxe8 (25... Qxe8 $2 26. Qb3+ Kh8 27. Re1 $19) 26. Qb3+ Kh8) 25. f4 (25. Rxc8 {was necessary.} Rxc8 26. f4) 25... h5 26. Qb3+ Kh8 27. Re1 Qc7 {[%emt 0:01:03] Strongly threatening ...Bxf4.} 28. Ne5 {[%emt 0:01:26] [#]} Bxe5 29. Rxe5 {[%emt 0:00:05] [#]} Nxg3+ $1 30. Kg2 Rxf4 31. Rc1 $2 (31. Rge1 $19 Nf5 32. Qe6) 31... Qxc1 {[%emt 0:00:25] Black mates.} 32. Kxg3 h4+ 33. Kg2 Rc2+ 34. Be2 Qf1+ {[%emt 0:00:11] Weighted Error Value: White=0.58/Black=0.28 (precise) .  Loses game:     	White=1     	---        Mistake:       	White=5     	Black=2      Inaccurate:     	White=3     	Black=4      OK:         	White=9     	Black=11     Best:        	White=2     	Black=4      Strong:       	---       	Black=2} 0-1

[Event "Romanian-ch Youth Girls U20 2024"]
[Site "Eforie Nord"]
[Date "2024.04.16"]
[Round "5.2"]
[White "Marin, Alexia-Iuliana"]
[Black "Trifoi, Mihaela-Ioana"]
[Result "0-1"]
[ECO "E06"]
[WhiteElo "1573"]
[BlackElo "2011"]
[Annotator "NA RC"]
[PlyCount "46"]
[EventDate "2024.04.10"]
[EventType "swiss"]
[EventCountry "ROU"]
[SourceTitle "playchess.com"]
[Source "ChessBase"]
[SourceQuality "1"]
[TimeControl "5400+30"]

1. d4 d5 2. g3 Nf6 3. Bg2 e6 4. Nf3 Be7 5. O-O O-O 6. c4 c6 7. Qc2 b5 8. b3 a5 9. a3 a4 10. cxb5 cxb5 11. Nc3 Qc7 12. Bf4 axb3 13. Qxb3 Qc4 14. Qxb5 Qxc3 15. Bxb8 Bd7 16. Qb1 Rfxb8 17. Qd1 $19 Bxa3 18. Ne5 Bb5 19. Re1 Bb4 20. Rc1 Qxe1+ 21. Qxe1 Bxe1 22. Rxe1 Ra2 23. e3 Rba8 0-1

[Event "Romanian-ch Youth Girls U20 2024"]
[Site "Eforie Nord"]
[Date "2024.04.17"]
[Round "6.1"]
[White "Trifoi, Mihaela-Ioana"]
[Black "Patru, Alexandra-Ioana"]
[Result "1-0"]
[ECO "C41"]
[WhiteElo "2011"]
[BlackElo "1838"]
[Annotator "TA"]
[PlyCount "89"]
[EventDate "2024.04.10"]
[EventType "swiss"]
[EventCountry "ROU"]
[SourceTitle "playchess.com"]
[Source "ChessBase"]
[SourceQuality "1"]
[TimeControl "5400+30"]

1. e4 e5 2. Nf3 d6 3. c3 Nf6 4. Bd3 Be7 5. Bc2 O-O 6. O-O Bg4 7. h3 Bh5 8. d4 exd4 {[%emt 0:00:51] White is slightly better.} 9. cxd4 Nc6 10. Be3 ({Better is} 10. Nc3 $14) 10... Nb4 $11 11. Nbd2 Bg6 (11... Nxc2 $15 12. Qxc2 Bg6) 12. Bb1 $14 Nc6 (12... d5 $14) 13. Re1 (13. d5 $16 Nb8 14. Qb3) 13... d5 $11 14. e5 Ne4 15. a3 f5 16. exf6 Bxf6 17. Ba2 Kh8 18. Rc1 Bh5 19. g4 (19. Qa4 $5) 19... Bg6 20. Nf1 Bh4 21. Qe2 Bg5 22. N1h2 (22. N1d2 $11) 22... Re8 $2 (22... Bxe3 $17 23. Qxe3 Qd6) 23. Qb5 $14 Bxe3 24. Rxe3 Qf6 25. Bxd5 (25. Qxd5 Rad8 26. Qc4 (26. g5 $2 Qf4 $19) 26... Nxd4 27. Qxc7 Nxf2 28. Rxe8+ Rxe8 29. Kxf2 Nxf3 30. Nxf3 Qxb2+ 31. Kg3 Qxa2 $17) 25... Nxd4 26. Qxb7 Rab8 27. Qxa7 (27. Qxc7 $16 {Bxe4 is the strong threat.} Nb5 (27... Rxb2 $2 28. Bxe4 Ne2+ 29. Kg2 $18) 28. Qc4) 27... Nxf3+ (27... c5 $2 28. Bxe4 (28. Rxe4 Bxe4 29. Nxd4 Bxd5 $17) 28... Bxe4 29. Rxe4 Nxf3+ 30. Nxf3 Qxf3 31. Rxe8+ Rxe8 32. Qxc5 $18) (27... Nb5 $1 $11 {keeps the balance.} 28. Qa5 Qxb2) 28. Rxf3 $2 (28. Nxf3 $16 {[%cal Oe3e4] And now Rxe4! would win.} Qxb2 29. Rf1 (29. Qxc7 Qxf2+ 30. Kh1 Rb2)) 28... Qxb2 $15 29. Rxc7 (29. Qxc7 $15 Nf6 30. Rxf6 Qxf6 31. Kg2) 29... Ng5 $2 (29... Qa1+ $19 30. Nf1 Rb1 (30... Nd2 $2 31. Rfc3 $19)) 30. Rfc3 (30. Qc5 $11) 30... Rbd8 $1 $17 {[%emt 0:01:13][%mdl 1024] Black has strong compensation.} 31. Qb7 {[%emt 0:03:28] [#]} Qa1+ {[%emt 0:00:24] [#]} (31... Qd2 $6 32. Bg2 $11) (31... Qe2 $1 $17 32. Bg2 (32. Rxg7 $2 Qe1+ 33. Nf1 Qxc3 $19) 32... Rf8) 32. Nf1 $1 $16 Re1 $2 (32... Qe1 $16 33. Bg2 Re2) 33. Bg2 (33. Rc8 $142 Rde8 (33... Rxf1+ $2 {is the wrong capture.} 34. Kg2 $18) 34. Kg2) 33... Ree8 ({Wrong is} 33... Bd3 $2 34. Rxd3 Rf8 35. Rc8 $18) (33... h6 $142) 34. Rc8 $18 {[%emt 0:02:02] Strongly threatening Rxd8.} Nf7 35. Rxd8 Nxd8 36. Qb4 Qd1 (36... h6 $142 37. a4 Bf7) 37. Re3 {[%emt 0:00:31] White wants to mate with Rxe8+.} Rg8 38. a4 Nf7 39. a5 Qa1 40. Ra3 Qe5 41. a6 Nd6 42. a7 Be4 43. Bxe4 {[%emt 0:00:17] White mates.} Nxe4 44. a8=Q Ng5 45. Qbf8 {[%emt 0:01:10] Weighted Error Value: White=0.34/Black=0.78.  Loses game:     	White=1     	Black=1      Missed win:     	---       	Black=1      Mistake:       	White=7     	Black=7      Inaccurate:     	White=2     	Black=4      OK:         	White=12    	Black=11     Best:        	White=3     	Black=3      Strong:       	White=1     	Black=1} 1-0